 Dungeon Crawl Stone Soup version 0.30.1-4-g462c640d31 (webtiles) character file.

Game seed: 17143527216075443378

317 AndyM the Covered (level 6, 0/56 HPs)
             Began as a Minotaur Fighter on Aug 26, 2023.
             Slain by a bullfrog (4 damage)
             ... in a sewer.
             The game lasted 00:06:02 (2224 turns).

AndyM the Covered (Minotaur Fighter)                Turns: 2224, Time: 00:06:04

Health: 0/56       AC:  8    Str: 23    XL:     6   Next: 20%
Magic:  5/5        EV:  9    Int:  5    God:
Gold:   121        SH:  4    Dex:  9    Spells: 5/5 levels left

rFire   . . .        a - +0 war axe
rCold   . . .        c - +0 buckler
rNeg    . . .        b - +0 scale mail
rPois   .            (helmet restricted)
rElec   .            h - +0 cloak
rCorr   .            (no gloves)
SInv    .            (no boots)
Will    .....        (no amulet) Stlth
                     (no ring)
HPRegen 0.29/turn    (no ring)
MPRegen 0.09/turn

%: no passive effects
@: no status effects
A: horns 2, retaliatory headbutt
a: no special abilities


You were in a sewer.
You visited 1 branch of the dungeon, and saw 3 of its levels.
You also visited: Sewer.

You collected 121 gold pieces.

Inventory:

Hand Weapons
 a - a +0 war axe (weapon)
Armour
 b - a +0 scale mail (worn)
 c - a +0 buckler (worn)
 h - a +0 cloak (worn)
Jewellery
 p - a +5 ring of evasion
 r - a +6 ring of intelligence
Scrolls
 g - a scroll of fear {unknown}
 l - a scroll of teleportation {unknown}
 m - 2 scrolls of silence {unknown}
 n - a scroll of magic mapping {unknown}
 o - 2 scrolls of identify {unknown}
 q - a scroll of enchant armour {unknown}
 u - a scroll of fog {unknown}
Potions
 d - a potion of might
 e - 3 potions of curing {unknown}
 f - a potion of lignification {unknown}
 i - 2 potions of magic {unknown}
 j - 2 potions of attraction {unknown}
 k - a potion of resistance {unknown}
 s - 3 potions of brilliance {unknown}
 t - a potion of mutation {unknown}


   Skills:
 + Level 5.2 Fighting
 + Level 4.5 Axes
 + Level 5.2 Armour
 + Level 5.2 Shields


You had 5 spell levels left.
You didn't know any spells.
Your spell library contained the following spells:

 Spells                   Type           Power      Damage    Failure   Level
 Blink                    Tloc           0%         N/A       93%         2
 Lesser Beckoning         Tloc           0%         N/A       93%         2
 Momentum Strike          Conj/Tloc      0%         3d8       93%         2
 Ozocubu's Armour         Ice            0%         N/A       99%         3
 Metabolic Englaciation   Hex/Ice        0%         N/A       100%        5
 Simulacrum               Ice/Necr       0%         N/A       100%        6


Dungeon Overview and Level Annotations

Branches:
Dungeon (3/15)              Sewer (1/1)

Altars:

Shops:
D:2 *


Innate Abilities, Weirdness & Mutations

You have a pair of horns on your head.
You reflexively headbutt those who attack you in melee.


Message History

You closely miss the bullfrog. You slash the bullfrog! The bullfrog hits you.
You block the bullfrog's attack.
The ball python bites you but does no damage.
The ball python constricts you. The ball python barely misses you.
You furiously retaliate!
You headbutt the ball python!
You kill the ball python!
The bullfrog hits you. x2
You escape the ball python's grasp.
The bullfrog closely misses you. You block the ball python's attack.
The ball python closely misses you.
The bullfrog hits you but does no damage.
The bullfrog hits you. The ball python closely misses you.
The ball python grabs you. The ball python constricts you.
You escape the ball python's grasp.
The bullfrog attacks as you move away! The bullfrog hits you.
The bullfrog barely misses you. You block the bullfrog's attack.
The bullfrog barely misses you.
The bullfrog hits you but does no damage.
Unknown command.
The bullfrog hits you but does no damage. x3
You closely miss the bullfrog.
The bullfrog is lightly wounded.
You hit the bullfrog. The bullfrog hits you! The bullfrog closely misses you.
The bullfrog barely misses you. The bullfrog closely misses you.
You closely miss the bullfrog.
The bullfrog is lightly wounded.
You hit the bullfrog. The bullfrog closely misses you. You furiously retaliate!
You headbutt the bullfrog!
You kill the bullfrog!
The bullfrog closely misses you. The bullfrog hits you!
* * * LOW HITPOINT WARNING * * *
The ball python bites you but does no damage.
You block the ball python's attack.
You have reached level 6!
You miss the bullfrog.
The bullfrog is lightly wounded.
You slash the ball python!
You kill the ball python!
The bullfrog hits you!
* * * LOW HITPOINT WARNING * * *
The bullfrog hits you.
You die...

#.†..'..# #....#..#
##...####
#....################## #+
#......≈≈≈≈≈≈≈≈≈≈≈≈≈≈≈#...
##....~≈≈≈≈≈≈≈≈≈≈≈≈≈≈≈....
#.....~~~~≈≈≈≈≈≈≈†~~≈....
#.....≈≈≈~~~#≈≈#~~≈≈~~...
##...~≈≈≈≈≈#~.@F≈≈≈≈≈....
###.#≈≈≈≈≈≈≈≈≈≈≈≈≈≈≈#...
################### #


You could see a bullfrog.

Vanquished Creatures
  A bullfrog (Sewer)
  Crazy Yiuf (D:2)
  Jessica (D:2)
  6 adders
  8 river rats (Sewer)
  A worm (D:3)
  A bat (D:3)
  3 endoplasms
  3 giant cockroaches
  2 goblins
  6 hobgoblins
  A quokka (D:1)
  14 ball pythons
  5 frilled lizards
  7 kobolds
  28 rats
88 creatures vanquished.

Notes
Turn   | Place    | Note
-------+----------+-------------------------------------------
     0 | D:1      | AndyM the Minotaur Fighter began the quest for the Orb.
     0 | D:1      | Reached XP level 1. HP: 19/19 MP: 0/0
     1 | D:1      | Noticed an electric eel
   178 | D:1      | Reached XP level 2. HP: 26/27 MP: 1/1
   712 | D:2      | Noticed Jessica
   719 | D:2      | Killed Jessica
   720 | D:2      | Reached XP level 3. HP: 12/33 MP: 2/2
   898 | D:2      | Found a runed translucent door.
   899 | D:2      | Noticed Crazy Yiuf
   972 | D:2      | Killed Crazy Yiuf
   973 | D:2      | Reached XP level 4. HP: 26/41 MP: 3/3
  1301 | D:2      | Found Evoybem's Assorted Antiques.
  1774 | D:3      | Found a glowing drain.
  1795 | Sewer    | Entered a sewer
  1867 | Sewer    | Reached XP level 5. HP: 40/47 MP: 4/4
  2066 | Sewer    | Reached skill level 5 in Armour
  2068 | Sewer    | Reached skill level 5 in Fighting
  2216 | Sewer    | Reached skill level 5 in Shields
  2224 | Sewer    | Reached XP level 6. HP: 10/56 MP: 5/5
  2224 | Sewer    | Slain by a bullfrog

Illustrated notes

Levels and vault maps discovered:
D:1:      arrival_aquarium_a, layout_basic,
          nicolae_concentric_dashed_squares_mild, minmay_misc_feat_diagonals
D:2:      layout_loops_ring, serial_shops, shop, uniq_crazy_yiuf_cottage,
          uniq_jessica
D:3:      layout_rooms, lemuel_round_altar, led_xom_imps,
          dilly_ecumenical_altar_fadedgnrine, cheibrodos_sewer_entry_bend,
          uniq_ijyb, uniq_terence, uniq_robin
Sewer:    sewer_minmay_w

Skill      XL: |  1  2  3  4  5 |
---------------+----------------+-----
Fighting       | 4 5 |  5.2
Armour         | 4 5 |  5.2
Shields        | 4 5 |  5.2
Axes           | 3 4 |  4.5

Action                     |  1- 3 |  4- 6 || total
---------------------------+-------+-------++-------
  Melee: War axe           |    49 |   114 ||   163
         Headbutt          |     3 |    11 ||    14
 Armour: Scale mail        |    20 |   107 ||   127
  Dodge: Dodged            |    24 |    82 ||   106
  Block: Buckler           |    18 |    46 ||    64
